 Dungeon Crawl Stone Soup version 0.29.0-11-gd7f09526c8 (webtiles) character file.

Game seed: 295699565047758936

2881 SensoryNuts the Carver (level 9, -4/68 HPs)
             Began as a Demonspawn Fighter on Sept 4, 2022.
             Killed from afar by an electric eel (7 damage)
             ... with a bolt of electricity
             ... on level 8 of the Dungeon.
             The game lasted 00:08:05 (9772 turns).

SensoryNuts the Carver (Demonspawn Fighter)         Turns: 9772, Time: 00:08:05

Health: -4/68      AC: 14    Str: 16    XL:     9   Next: 48%
Magic:  9/9        EV:  5    Int:  9    God:
Gold:   313        SH:  6    Dex: 24    Spells: 8/8 levels left

rFire   . . .      SeeInvis +   a - +2 long sword
rCold   . . .      Faith    .   c - +0 buckler
rNeg    . . .      Spirit   .   m - +0 plate armour
rPois   .          Reflect  .   (no helmet)
rElec   .          Harm     .   (no cloak)
rCorr   .          Rampage  .   (no gloves)
Will    .....                   (no boots)
Stlth   ..........              (no amulet)
HPRegen 0.21/turn               b - +6 ring of dexterity
MPRegen 0.11/turn               f - ring of see invisible

@: about to teleport
A: claws 1, slimy green scales 1, foul stench 2
a: no special abilities


You were on level 8 of the Dungeon.
You visited 2 branches of the dungeon, and saw 9 of its levels.

You collected 313 gold pieces.

Inventory:

Hand Weapons
 a - a +2 long sword (weapon)
Missiles
 l - 4 throwing nets
Armour
 c - a +0 buckler (worn)
 m - a +0 plate armour (worn)
Jewellery
 b - a +6 ring of dexterity (left claw)
 f - a ring of see invisible (right claw)
 j - a ring of magical power
Wands
 d - a wand of flame (79) (quivered)
 t - a wand of mindburst (19)
 x - a wand of charming (12)
Scrolls
 e - a scroll of torment
 g - a scroll of teleportation
 i - a scroll of identify
 k - 2 scrolls of noise
 u - a scroll of vulnerability
 v - a scroll of silence
Potions
 h - 3 potions of mutation
 n - 2 potions of lignification
 o - a potion of degeneration
 q - 2 potions of brilliance
 r - a potion of magic


   Skills:
 + Level 5.4 Fighting
 * Level 9.5 Long Blades
 + Level 6.0 Armour
 + Level 0.8 Dodging
 + Level 0.8 Stealth
 + Level 4.1 Shields


You had 8 spell levels left.
You didn't know any spells.
Your spell library contained the following spells:

 Spells                   Type           Power      Damage    Failure   Level
 Beastly Appendage        Tmut           0%         N/A       100%        1
 Magic Dart               Conj           0%         1d3       100%        1
 Sandblast                Erth           0%         2d4       100%        1
 Ensorcelled Hibernation  Hex/Ice        0%         N/A       100%        2
 Passwall                 Tmut/Erth      0%         N/A       100%        2
 Searing Ray              Conj           0%         2d4       100%        2
 Wereblood                Tmut           0%         N/A       100%        2
 Spider Form              Tmut/Pois      0%         N/A       100%        3
 Stone Arrow              Conj/Erth      0%         3d7       100%        3
 Anguish                  Hex/Necr       0%         N/A       100%        4
 Fulminant Prism          Conj/Hex       0%         3d6       100%        4
 Iskenderun's Mystic Bla  Conj/Tloc      0%         2d3       100%        4
 Lee's Rapid Deconstruct  Erth           0%         3d5*      100%        5


Dungeon Overview and Level Annotations

Branches:
Dungeon (8/15)             Temple (1/1) D:5
   Lair: D:8-11

Altars:
Cheibriados
Dithmenos
Fedhas
Gozag
Hepliaklqana
Kikubaaqudgha
Makhleb
Nemelex Xobeh
Okawaru
Qazlal
Sif Muna
Trog
Vehumet
Wu Jian
Yredelemnul

Shops:
D:2 [

Annotations:
D:7 2 transporters, Powertoast's ghost, novice TrBe


Innate Abilities, Weirdness & Mutations

You have sharp fingernails.
You are partially covered in slimy green scales. (AC +2)
You sometimes emit foul miasma when damaged in melee.


Message History

You are too injured to fight recklessly!
You are too injured to fight recklessly!
You are too injured to fight recklessly!
You are too injured to fight recklessly!
You are too injured to fight recklessly!
You are too injured to fight recklessly!
You are too injured to fight recklessly!
You are too injured to fight recklessly!
You are too injured to fight recklessly!
You are too injured to fight recklessly!
You are too injured to fight recklessly!
You are too injured to fight recklessly!
Unknown command.
You are too injured to fight recklessly!
You are too injured to fight recklessly!
You are too injured to fight recklessly!
As you read the scroll of teleportation, it crumbles to dust.
You feel strangely unstable.
The electric eel shoots out a bolt of lightning at you!
The bolt of electricity hits the electric eel.
The electric eel completely resists.
The bolt of electricity hits you.
* * * LOW HITPOINT WARNING * * *
The electric eel shoots out a bolt of lightning at you!
The bolt of electricity hits the electric eel.
The electric eel completely resists.
The bolt of electricity misses the electric eel.
The bolt of electricity hits you.
* * * LOW HITPOINT WARNING * * *
An electric eel comes into view.
Your magic is already full.
The electric eel shoots out a bolt of lightning at you!
The bolt of electricity hits the electric eel.
The electric eel completely resists.
The bolt of electricity hits the electric eel.
The electric eel completely resists.
The bolt of electricity hits you!
* * * LOW HITPOINT WARNING * * *
Unknown command.
The electric eel shoots out a bolt of lightning at you!
The bolt of electricity hits you!
You die...

#$....#..........#.....
###≈≈≈.....≈≈......#.....
≈≈≈.....≈≈..≈≈####'##..##.
......≈≈.......###)##..##.
.≈≈≈.......≈..).........+.
......≈≈..†.............#.
≈≈.....≈≈..≈≈..###+#####.
####≈≈≈.....≈≈#+# #.
#........@.#.....# ..
...........#.....# ...
....~....~.+.(...# ...
~.~...S....#+#####
~.~~.S.~≈......
≈≈.~S≈≈~.......
≈~≈≈≈≈≈~~.......
~≈≈≈~~~~~≈~.....
~.~.~.≈≈≈≈S.....


You could see 3 electric eels.

Vanquished Creatures
  A hornet (D:7)
  Sigmund (D:3)
  A steam dragon (D:6)
  A water moccasin (D:7)
  2 orc warriors
  A black bear (D:6)
  An ice beast (D:6)
  3 sky beasts (D:7)
  3 centaurs
  A phantom (D:6)
  Blork the orc (D:6)
  A bullfrog (D:7)
  3 necrophages
  2 scorpions
  A gnoll bouda (D:4)
  7 hounds
  3 orc priests
  3 jellies
  4 iguanas
  6 orc wizards
  5 gnolls (D:5)
  11 adders
  A worm (D:3)
  3 dart slugs
  16 orcs
  5 bats
  3 endoplasms
  7 goblins
  4 hobgoblins
  12 jackals
  A quokka (D:1)
  4 ball pythons
  3 frilled lizards
  5 kobolds
  7 rats
133 creatures vanquished.

Vanquished Creatures (others)
  A bush (D:8)
  34 plants (D:4)
35 creatures vanquished.

Grand Total: 168 creatures vanquished

Notes
Turn   | Place    | Note
-------+----------+-------------------------------------------
     0 | D:1      | SensoryNuts the Demonspawn Fighter began the quest for the
                  | Orb.
     0 | D:1      | Reached XP level 1. HP: 18/18 MP: 1/1
   432 | D:1      | Reached skill level 2 in Long Blades
   481 | D:1      | Gained mutation: You have sharp fingernails. [demonic
                  | ancestry]
   481 | D:1      | Reached XP level 2. HP: 24/24 MP: 2/2
  1471 | D:2      | Reached XP level 3. HP: 11/29 MP: 3/3
  2045 | D:2      | Found Zotub's Antique Armour Boutique.
  2381 | D:3      | Gained mutation: You may rarely emit foul miasma when
                  | damaged in melee. [demonic ancestry]
  2381 | D:3      | Reached XP level 4. HP: 20/35 MP: 4/4
  2704 | D:3      | Reached skill level 3 in Long Blades
  2759 | D:3      | Noticed Sigmund
  2769 | D:3      | Killed Sigmund
  2770 | D:3      | Reached skill level 4 in Long Blades
  2770 | D:3      | Gained mutation: You are partially covered in slimy green
                  | scales. (AC +2) [demonic ancestry]
  2770 | D:3      | Reached XP level 5. HP: 41/42 MP: 5/5
  3245 | D:4      | Reached XP level 6. HP: 48/48 MP: 6/6
  3586 | D:4      | Found an ornate altar of the Wu Jian Council.
  4092 | D:4      | Reached skill level 5 in Long Blades
  4329 | D:5      | Entered Level 5 of the Dungeon
  4430 | D:5      | Reached XP level 7. HP: 46/53 MP: 7/7
  5000 | D:5      | Reached skill level 6 in Long Blades
  5190 | D:5      | Found a staircase to the Ecumenical Temple.
  5715 | Temple   | Entered the Ecumenical Temple
  6021 | D:6      | Reached XP level 8. HP: 27/60 MP: 8/8
  6232 | D:6      | Noticed Blork the orc
  6242 | D:6      | Killed Blork the orc
  6357 | D:6      | Reached skill level 7 in Long Blades
  6665 | D:6      | Reached skill level 5 in Armour
  7663 | D:7      | Reached skill level 8 in Long Blades
  7732 | D:7      | Noticed a hornet
  7734 | D:7      | Paralysed by a hornet for 3 turns
  7742 | D:7      | Paralysed by a hornet for 2 turns
  7745 | D:7      | Killed a hornet
  7750 | D:7      | Gained mutation: You sometimes emit foul miasma when
                  | damaged in melee. [demonic ancestry]
  7750 | D:7      | Reached XP level 9. HP: 47/67 MP: 9/9
  7891 | D:7      | Found a transporter.
  7901 | D:7      | Noticed Powertoast's ghost (novice TrBe)
  7903 | D:7      | Noticed a troll
  7923 | D:7      | Found a transporter.
  7971 | D:7      | Reached skill level 5 in Fighting
  8644 | D:7      | Reached skill level 9 in Long Blades
  9718 | D:8      | Identified the +0 leather armour "Tedafir" {Rampage Int+7}
  9771 | D:8      | HP: 3/68 [electric eel/bolt of electricity (11)]
  9772 | D:8      | Killed from afar by an electric eel

Illustrated notes

Levels and vault maps discovered:
D:1:      mushboom_english_gardens, layout_basic
D:2:      layout_rooms, serial_aquarium, aquarium_bridge_square
          [aquarium_subvault_bridge, aquarium_subvault_balcony,
          aquarium_subvault_window, aquarium_subvault_bridge],
          aquarium_window_corridor_1, aquarium_window_double,
          aquarium_window_fake, aquarium_view_2d, aquarium_balcony_3a,
          aquarium_pool_2, serial_shops, nicolae_shop_waterfront
D:3:      layout_loops_ring, uniq_sigmund
D:4:      layout_loops_cross, nicolae_wu_jian_wuxing_cycle, serial_bayou,
          serial_bayou_crossing, serial_bayou_lake_a, serial_bayou_pond_d,
          serial_bayou_lagoon_a
D:5:      layout_loops_ring, lemuel_temple_firewalk_b, grunt_ministairs_10,
          kennysheep_flooded_box, roderic_roman_lattice, minmay_liquid_box
D:6:      layout_basic, minmay_misc_feat_iff, chequers_serial_rivers_micro_c,
          uniq_blork_the_orc
D:7:      layout_basic, nzn_ghost_randoct
D:8:      layout_gridville, nicolae_elyvilon_peaceful_grove,
          evilmike_ruin_ashenzari, nicolae_uskayaw_suspiria,
          nicolae_ru_great_annihilating_truth, erik_lair_island
Temple:   regret_index_temple_waves

Skill      XL: |  1  2  3  4  5  6  7  8  9 |
---------------+----------------------------+-----
Long Blades    | 2 4 5 6 8 9 |  9.5
Shields        | 3 4 |  4.1
Armour         | 3 4 5 6 |  6.0
Fighting       | 4 5 |  5.4
Dodging        | |  0.8
Stealth        | |  0.8

Action                   |  1- 3 |  4- 6 |  7- 9 || total
-------------------------+-------+-------+-------++-------
Melee: Long sword        |   124 |   116 |   282 ||   522
  Use: Scroll            |     7 |     4 |     9 ||    20
       Potion            |       |     1 |     6 ||     7
Armor: Scale mail        |    76 |       |       ||    76
       Plate armour      |    14 |    65 |   223 ||   302
Dodge: Dodged            |    85 |    28 |    69 ||   182
Block: Buckler           |    42 |    37 |    89 ||   168
